 Dungeon Sprint DCSS version 0.30-a0-989-g0d87f670db (webtiles) character file.

Game seed: 3236970896910747614

51 rocky1 the Shield-Bearer (level 4, -13/39 HPs)
             Began as a Formicid Fighter on Apr 4, 2023.
             Mangled by a water elemental (15 damage)
             ... in the Dungeon (Sprint III: "The Ten Rune Challenge").
             The game lasted 00:00:39 (103 turns).

rocky1 the Shield-Bearer (Formicid Fighter)          Turns: 103, Time: 00:00:39

Health: -13/39     AC:  7    Str: 22    XL:     4   Next: 5%
Magic:  4/4        EV:  9    Int:  8    God:
Gold:   23         SH:  5    Dex: 13    Spells: 3/3 levels left

rFire   . . .      SeeInvis +    a - +0 trident
rCold   . . .      Faith    .    c - +0 buckler
rNeg    . . .      Spirit   .    b - +0 scale mail
rPois   .          Reflect  .    (helmet unavailable)
rElec   .          Rampage  .    (no cloak)
rCorr   .                        (no gloves)
Will    .....                    (no boots) Stlth
                                 (no amulet)
HPRegen 0.26/turn                (no ring)
MPRegen 0.09/turn                (no ring)

@: mighty, engulfed (cannot breathe)
A: permanent stasis, dig shafts and tunnels, antennae 3, four strong arms
a: Dig


You were in the Dungeon.
You visited 1 branch You collected 23 gold pieces.

Inventory:

Hand Weapons
 a - a +0 trident (weapon)
Armour
 b - a +0 scale mail (worn)
 c - a +0 buckler (worn)
Scrolls
 h - a scroll of blinking
 i - 3 scrolls of identify {unknown}
 j - a scroll of immolation {unknown}
 l - 3 scrolls of poison {unknown}
Potions
 e - 2 potions of curing
 f - a potion of heal wounds
 g - 2 potions of magic
 k - a potion of degeneration {unknown}
 m - a potion of attraction {unknown}
 n - 4 potions of mutation


   Skills:
 + Level 5.3 Fighting
 + Level 3.1 Polearms
 + Level 5.3 Armour
 + Level 6.4 Shields


You had 3 spell levels left.
You didn't know any spells.
Your spell library was empty.

Dungeon Overview and Level Annotations

Branches:
Dungeon (1/1)

Altars:


Innate Abilities, Weirdness & Mutations

You cannot be hasted, slowed, berserked, paralysed or teleported.
You can dig through walls and to a lower floor.
You have a pair of large antennae on your head. (SInv)
Your four strong arms can wield two-handed weapons with a shield.


Message History

i - 2 scrolls labelled JEOXTO WYAW (gained 1)
e - 2 potions of curing (gained 1);
k - a fuming puce potion You see here a potion of mutation.
l - 3 scrolls labelled MOTICH VO ZURY
i - 3 scrolls labelled JEOXTO WYAW (gained 1)
m - a green potion
Things that are here:
a potion of mutation; 2 potions of mutation You now have 23 gold pieces (gained 9).
You see here a potion of mutation.
n - a potion of mutation
n - 2 potions of mutation (gained 1);
n - 4 potions of mutation (gained 2)
There is an open door here.
You open the door.
A water elemental comes into view.
You feel very mighty all of a sudden.
You hit the water elemental.
The water elemental is moderately damaged.
The water elemental hits you.
The water elemental engulfs you in water!
The water elemental hits you.
You puncture the water elemental!
The water elemental is heavily damaged.
Your lungs strain for air!
The water elemental barely misses you.
You closely miss the water elemental.
The water elemental is heavily damaged.
Your lungs strain for air!
The water elemental hits you.
You puncture the water elemental!
The water elemental is almost destroyed.
* * * LOW HITPOINT WARNING * * *
Your lungs strain for air!
You block the water elemental's attack.
You barely miss the water elemental.
The water elemental is almost destroyed.
* * * LOW HITPOINT WARNING * * *
Your lungs strain for air!
The water elemental hits you!
You die...

▓▓▓▓▓▓▓▓ ▓▓▓ <..#...####
##.# ...#......#####..#
..##.......#..#..#{
##.##.##...#..#..# #+#+#
##.##.###..##'#..#......
#.####.##..###..@E.⌠....
.###..##.)####...#...###
#.....##..###....# ⌠.#
###†.##...##.....# .#
##..##....#......# #
#..###..##.#.....# {{
#).# #..#####....# {
▓▓▓▓ ▓▓▓▓ ▓▓▓▓▓▓ { { {


You could see a water elemental.

Vanquished Creatures
  Jessica (D)
  A human (D)
  A phantom (D)
  3 rats (D)
6 creatures vanquished.

Notes
Turn   | Place    | Note
-------+----------+-------------------------------------------
     0 | D        | rocky1 the Formicid Fighter began the quest for the Orb.
     0 | D        | Reached XP level 1. HP: 18/18 MP: 1/1
    40 | D        | Noticed Jessica
    42 | D        | Killed Jessica
    43 | D        | Reached skill level 5 in Shields
    43 | D        | Reached XP level 2. HP: 26/26 MP: 2/2
    43 | D        | Reached XP level 3. HP: 32/32 MP: 3/3
    64 | D        | Reached skill level 5 in Fighting
    64 | D        | Reached skill level 5 in Armour
    64 | D        | Reached skill level 6 in Shields
    69 | D        | Reached XP level 4. HP: 38/39 MP: 4/4
    97 | D        | Noticed a water elemental
   103 | D        | HP: 1/39 [drowned by a water elemental (9)]
   103 | D        | Mangled by a water elemental

Illustrated notes

Levels and vault maps discovered:
D:        dungeon_sprint_mu [sprint_mu_entry_cave, sprint_mu_temple_rooms,
          sprint_mu_d1_spiders, sprint_mu_d2_genie, sprint_mu_d3_branching,
          sprint_mu_orc_legion, sprint_mu_elf_gauntlet, sprint_mu_hive_nellie,
          sprint_mu_lair_fedhas, sprint_mu_vaults_butterflies,
          sprint_mu_slime_circle, sprint_mu_swamp_cave, sprint_mu_shoals_kraken,
          sprint_mu_blade_basic, sprint_mu_crypt_chambers,
          sprint_mu_tomb_spiral, sprint_mu_vestibule_basic,
          sprint_mu_gehenna_hellfire, sprint_mu_dis_giant,
          sprint_mu_tartarus_statrot, sprint_mu_cocytus_islands, sprint_mu_zot1]

Skill      XL: |  1  2  3 |
---------------+----------+-----
Fighting       | 4 5 |  5.3
Armour         | 4 5 |  5.3
Shields        | 5 6 |  6.4
Polearms       | 3 |  3.1

Action                     |  1- 3 |  4- 6 || total
---------------------------+-------+-------++-------
  Melee: Trident           |    23 |     5 ||    28
    Use: Potion            |       |     1 ||     1
 Armour: Scale mail        |     5 |       ||     5
  Dodge: Dodged            |     4 |     1 ||     5
  Block: Buckler           |     6 |     1 ||     7

Table legend: (Time is in decaauts)
 A = Elapsed time spent in this place.
 B = Non-inter-level travel time spent in this place.
 C = Inter-level travel time spent in this place.
 D = Time resting spent in this place.
 E = Time spent auto-exploring this place.
 F = Levels seen in this place.
 G = Mean time per level.
                   A        B        C        D        E       F      G
               +--------+--------+--------+--------+--------+-----+--------+
         Total |    108 |    108 |      0 |      0 |     28 |   1 |  108.0 |
       Dungeon |    108 |    108 |      0 |      0 |     28 |   1 |  108.0 |
               +--------+--------+--------+--------+--------+-----+--------+

Top non-repeatable levels by time:
       D: 108 daAuts
